TOP OF THE 1ST |
Charleston RiverDogs batting - Pitching for Clinton LumberKings : RHP Jake Underhill
|
Pitching: RHP Jake Underhill
|
|
Batting: LHB Tatsuo Yasui
|
0-0: Ball 1-0: Foul Ball, location: 2F 1-1: Foul Ball, location: 2F 1-2: Ball 2-2: Ground out 3-1 (Groundball, 34S, EV 81.3 MPH)
|
Batting: RHB James Boynton
|
0-0: Fly out, F8 (Flyball, 8RM, EV 96.3 MPH)
|
Batting: SHB Reagan Dudley
|
0-0: Ball 1-0: Fly out, F7 (Flyball, 7D, EV 101.3 MPH)
|
Top of the 1st over - 0 runs, 0 hits, 0 errors, 0 left on base; Charleston 0 - Clinton 0 |
BOTTOM OF THE 1ST |
Clinton LumberKings batting - Pitching for Charleston RiverDogs : LHP Dan Clausing
|
Pitching: LHP Dan Clausing
|
|
Batting: RHB Rick Ellis
|
0-0: Ball 1-0: Ball 2-0: Ball 3-0: Called Strike 3-1: Base on Balls
|
Batting: SHB Jose Castillo
|
0-0: Ball 1-0: Called Strike 1-1: Ball Rick Ellis is caught stealing 2nd base 2-4 2-1: Swinging Strike 2-2: Strikes out looking
|
Batting: LHB Jason Hopkins
|
0-0: Ball 1-0: Ball 2-0: DOUBLE (Flyball, 78XD, EV 103.1 MPH)
|
Batting: RHB Josh Ruhl
|
0-0: Called Strike 0-1: Ball 1-1: Ball 2-1: Ground out 6-3 (Groundball, 6M, EV 110.0 MPH)
|
Bottom of the 1st over - 0 runs, 1 hit, 0 errors, 1 left on base; Charleston 0 - Clinton 0 |
TOP OF THE 2ND |
Charleston RiverDogs batting - Pitching for Clinton LumberKings : RHP Jake Underhill
|
Batting: SHB Mike Goad
|
0-0: Called Strike 0-1: Called Strike 0-2: Foul Ball, location: 2F 0-2: Ball 1-2: Ground out 4-3 (Groundball, 4, EV 81.3 MPH)
|
Batting: RHB Riley Nasiir
|
0-0: Ball 1-0: Foul Ball, location: 2F 1-1: Foul Ball, location: 2F 1-2: Ball 2-2: Foul Ball, location: 2F 2-2: Strikes out swinging
|
Batting: LHB Eddie Ramirez
|
0-0: Ball 1-0: SINGLE (Line Drive, 4M, EV 107.5 MPH)
|
Batting: RHB Miguel Leal
|
0-0: Ball Eddie Ramirez steals 2nd base 1-0: Called Strike 1-1: Fly out, F8 (Line Drive, 8RD, EV 106.9 MPH)
|
Top of the 2nd over - 0 runs, 1 hit, 0 errors, 1 left on base; Charleston 0 - Clinton 0 |
BOTTOM OF THE 2ND |
Clinton LumberKings batting - Pitching for Charleston RiverDogs : LHP Dan Clausing
|
Batting: RHB Joe Stading
|
0-0: Called Strike 0-1: Swinging Strike 0-2: Ball 1-2: Ball 2-2: Ground out 6-3 (Groundball, 6, EV 107.5 MPH)
|
Batting: RHB Josh Mauer
|
0-0: Ball 1-0: Called Strike 1-1: Ball 2-1: Foul Ball, location: 2F 2-2: Strikes out swinging
|
Batting: RHB Salvador Avina
|
0-0: Ball 1-0: Ball 2-0: Foul Ball, location: 2F 2-1: Swinging Strike 2-2: Ball 3-2: Ground out 6-3 (Groundball, 6M, EV 88.8 MPH)
|
Bottom of the 2nd over - 0 runs, 0 hits, 0 errors, 0 left on base; Charleston 0 - Clinton 0 |
TOP OF THE 3RD |
Charleston RiverDogs batting - Pitching for Clinton LumberKings : RHP Jake Underhill
|
Batting: RHB Nick Massengale
|
0-0: Called Strike 0-1: Ground out 4-3 (Groundball, 4, EV 101.9 MPH)
|
Batting: RHB Chris Yancey
|
0-0: Ball 1-0: Ball 2-0: Swinging Strike 2-1: Swinging Strike 2-2: Foul Ball, location: 2F 2-2: Ball 3-2: Strikes out swinging
|
Batting: LHB Tatsuo Yasui
|
0-0: Called Strike 0-1: Called Strike 0-2: Ball 1-2: Strikes out looking
|
Top of the 3rd over - 0 runs, 0 hits, 0 errors, 0 left on base; Charleston 0 - Clinton 0 |
BOTTOM OF THE 3RD |
Clinton LumberKings batting - Pitching for Charleston RiverDogs : LHP Dan Clausing
|
Batting: LHB Leão Alvide
|
0-0: Called Strike 0-1: Swinging Strike 0-2: Strikes out swinging
|
Batting: LHB Brian Butler
|
0-0: Called Strike 0-1: Foul Ball, location: 2F 0-2: Foul Ball, location: 2F 0-2: Ground out 6-3 (Groundball, 6, EV 80.0 MPH)
|
Batting: RHB Rick Ellis
|
0-0: Called Strike 0-1: Ground out U3 (Groundball, 34S, EV 81.3 MPH)
|
Bottom of the 3rd over - 0 runs, 0 hits, 0 errors, 0 left on base; Charleston 0 - Clinton 0 |
TOP OF THE 4TH |
Charleston RiverDogs batting - Pitching for Clinton LumberKings : RHP Jake Underhill
|
Batting: RHB James Boynton
|
0-0: Foul Ball, location: 2F 0-1: Ball 1-1: Foul Ball, location: 2F 1-2: Strikes out looking
|
Batting: SHB Reagan Dudley
|
0-0: Swinging Strike 0-1: Foul Ball, location: 2F 0-2: Strikes out swinging
|
Batting: SHB Mike Goad
|
0-0: Ball 1-0: Called Strike 1-1: Ball 2-1: Called Strike 2-2: Foul Ball, location: 2F 2-2: Strikes out swinging, 2-3 out at first.
|
Top of the 4th over - 0 runs, 0 hits, 0 errors, 0 left on base; Charleston 0 - Clinton 0 |
BOTTOM OF THE 4TH |
Clinton LumberKings batting - Pitching for Charleston RiverDogs : LHP Dan Clausing
|
Batting: SHB Jose Castillo
|
0-0: Ball 1-0: Ground out 5-3 (Groundball, 56S, EV 64.4 MPH)
|
Batting: LHB Jason Hopkins
|
0-0: Foul Ball, location: 2F 0-1: Ball 1-1: Ball 2-1: Fly out, F8 (Flyball, 89D, EV 105.0 MPH)
|
Batting: RHB Josh Ruhl
|
0-0: Ball 1-0: Called Strike 1-1: Called Strike 1-2: Ball 2-2: Ball 3-2: Base on Balls
|
Batting: RHB Joe Stading
|
0-0: Called Strike 0-1: Called Strike 0-2: Foul Ball, location: 2F 0-2: Ball 1-2: Strikes out looking
|
Bottom of the 4th over - 0 runs, 0 hits, 0 errors, 1 left on base; Charleston 0 - Clinton 0 |
TOP OF THE 5TH |
Charleston RiverDogs batting - Pitching for Clinton LumberKings : RHP Jake Underhill
|
Batting: RHB Riley Nasiir
|
0-0: Ball 1-0: Ball 2-0: Swinging Strike 2-1: Ball 3-1: Foul Ball, location: 2F 3-2: Base on Balls
|
Batting: LHB Eddie Ramirez
|
0-0: Ball 1-0: Called Strike Riley Nasiir steals 2nd base 1-1: Ground out U3 (Groundball, 3, EV 110.0 MPH) Riley Nasiir to third
|
Batting: RHB Miguel Leal
|
0-0: Ball 1-0: Ball 2-0: Foul Ball, location: 2F 2-1: Foul Ball, location: 2F 2-2: Foul Ball, location: 2F 2-2: Foul Ball, location: 2F 2-2: Ground out 6-3 (Groundball, 6, EV 86.9 MPH) Riley Nasiir scores
|
Batting: RHB Nick Massengale
|
0-0: Ball 1-0: Called Strike 1-1: Swinging Strike 1-2: Ball 2-2: Ground out 6-3 (Groundball, 6S, EV 80.6 MPH)
|
Top of the 5th over - 1 run, 0 hits, 0 errors, 0 left on base; Charleston 1 - Clinton 0 |
BOTTOM OF THE 5TH |
Clinton LumberKings batting - Pitching for Charleston RiverDogs : LHP Dan Clausing
|
Batting: RHB Josh Mauer
|
0-0: Ball 1-0: Called Strike 1-1: Ball 2-1: Foul Ball, location: 2F 2-2: Ball 3-2: Foul Ball, location: 2F 3-2: Fly out, F3 (Popup, 3SF, EV 79.4 MPH)
|
Batting: RHB Salvador Avina
|
0-0: Called Strike 0-1: Fly out, F8 (Line Drive, 8RD, EV 100.0 MPH)
|
Batting: LHB Leão Alvide
|
0-0: Ground out 6-3 (Groundball, 4, EV 87.5 MPH)
|
Bottom of the 5th over - 0 runs, 0 hits, 0 errors, 0 left on base; Charleston 1 - Clinton 0 |
TOP OF THE 6TH |
Charleston RiverDogs batting - Pitching for Clinton LumberKings : RHP Jake Underhill
|
Batting: RHB Chris Yancey
|
0-0: Ball 1-0: Ball 2-0: Ball 3-0: Base on Balls
|
Batting: LHB Tatsuo Yasui
|
0-0: Foul Ball, location: 2F 0-1: Ball 1-1: Called Strike 1-2: Foul Ball, location: 2F 1-2: 2-RUN HOME RUN (Flyball, 89XD, EV 114.4 MPH), Distance : 444 ft
|
Batting: RHB James Boynton
|
0-0: Foul Ball, location: 2F 0-1: Swinging Strike 0-2: Ball 1-2: Ball 2-2: Ball 3-2: Fly out, F8 (Flyball, 8RM, EV 75.6 MPH)
|
Batting: SHB Reagan Dudley
|
0-0: SINGLE (Line Drive, 7S, EV 93.1 MPH)
|
Batting: SHB Mike Goad
|
0-0: Called Strike 0-1: Ball 1-1: Ball Reagan Dudley steals 2nd base 2-1: Fly out, F9 (Line Drive, 9D, EV 83.1 MPH)
|
Batting: RHB Riley Nasiir
|
0-0: Foul Ball, location: 2F 0-1: Ball 1-1: Ball 2-1: Foul Ball, location: 2F 2-2: Ball 3-2: Foul Ball, location: 2F 3-2: Foul Ball, location: 2F 3-2: Foul Ball, location: 2F 3-2: SINGLE (Groundball, 56, EV 79.4 MPH) (infield hit) Reagan Dudley to third
|
Batting: LHB Eddie Ramirez
|
0-0: Swinging Strike 0-1: Ball 1-1: Ball 2-1: Foul Ball, location: 2F 2-2: Fielders Choice at 2nd, U6 (Groundball, 6M, EV 103.8 MPH)
|
Top of the 6th over - 2 runs, 3 hits, 0 errors, 2 left on base; Charleston 3 - Clinton 0 |
BOTTOM OF THE 6TH |
Clinton LumberKings batting - Pitching for Charleston RiverDogs : LHP Dan Clausing
|
Batting: LHB Brian Butler
|
0-0: Swinging Strike 0-1: Ball 1-1: Foul Ball, location: 2F 1-2: Strikes out swinging
|
Batting: RHB Rick Ellis
|
0-0: Foul Ball, location: 2F 0-1: Ball 1-1: Called Strike 1-2: Strikes out swinging
|
Batting: SHB Jose Castillo
|
0-0: Called Strike 0-1: Ball 1-1: Fly out, F8 (Flyball, 8RS, EV 93.1 MPH)
|
Bottom of the 6th over - 0 runs, 0 hits, 0 errors, 0 left on base; Charleston 3 - Clinton 0 |
TOP OF THE 7TH |
Charleston RiverDogs batting - Pitching for Clinton LumberKings : RHP Jake Underhill
|
Pitching: RHP Adam Fair
|
|
Batting: RHB Miguel Leal
|
0-0: Called Strike 0-1: Foul Ball, location: 2F 0-2: Strikes out swinging
|
Batting: RHB Nick Massengale
|
0-0: Ground out 6-3 (Groundball, 6, EV 81.3 MPH)
|
Batting: RHB Chris Yancey
|
0-0: Called Strike 0-1: SINGLE (Groundball, P, EV 80.6 MPH) (infield hit)
|
Batting: LHB Tatsuo Yasui
|
0-0: Ball 1-0: Ball 2-0: Called Strike 2-1: Fly out, F8 (Flyball, 8LXD, EV 88.8 MPH)
|
Top of the 7th over - 0 runs, 1 hit, 0 errors, 1 left on base; Charleston 3 - Clinton 0 |
BOTTOM OF THE 7TH |
Clinton LumberKings batting - Pitching for Charleston RiverDogs : LHP Dan Clausing
|
Batting: LHB Jason Hopkins
|
0-0: Ball 1-0: Ball 2-0: Ball 3-0: Called Strike 3-1: Base on Balls
|
Batting: RHB Josh Ruhl
|
0-0: Ball Wild Pitch! Jason Hopkins to second 1-0: Ball 2-0: Ball 3-0: Base on Balls
|
Batting: RHB Joe Stading
|
0-0: Ball 1-0: Foul Ball, location: 2F 1-1: SINGLE (Line Drive, 5D, EV 101.3 MPH) Jason Hopkins to third Josh Ruhl to second
|
Batting: RHB Josh Mauer
|
0-0: Called Strike 0-1: Fly out, F7 (Flyball, 78D, EV 95.6 MPH) Runner from 3rd tags up, SCORES, throw by LF
|
Batting: RHB Salvador Avina
|
0-0: Ball 1-0: Foul Ball, location: 2F 1-1: Ball 2-1: Called Strike Balk! Josh Ruhl to third Joe Stading to second 2-2: Foul Ball, location: 2F 2-2: Strikes out swinging
|
Pitching: RHP Colin Stone
|
|
Batting: LHB Leão Alvide
|
0-0: Foul Ball, location: 2F 0-1: Foul Ball, location: 2F 0-2: Ball 1-2: Fly out, F2 (Popup, 25F, EV 73.8 MPH)
|
Bottom of the 7th over - 1 run, 1 hit, 0 errors, 2 left on base; Charleston 3 - Clinton 1 |
TOP OF THE 8TH |
Charleston RiverDogs batting - Pitching for Clinton LumberKings : RHP Adam Fair
|
Batting: RHB James Boynton
|
0-0: Ground out 5-3 (Groundball, 25, EV 84.4 MPH)
|
Batting: SHB Reagan Dudley
|
0-0: Called Strike 0-1: SINGLE (Groundball, 4D, EV 101.3 MPH)
|
Batting: SHB Mike Goad
|
0-0: Ball 1-0: SINGLE (Groundball, 25, EV 66.9 MPH) (infield hit) Reagan Dudley to second
|
Batting: RHB Riley Nasiir
|
0-0: Ball 1-0: Foul Ball, location: 2F 1-1: Ball 2-1: Ball 3-1: Swinging Strike 3-2: Fielders Choice at 2nd, 6-4 (Groundball, 6, EV 105.6 MPH) Reagan Dudley to third
|
Batting: LHB Eddie Ramirez
|
0-0: Ball 1-0: Ground out 6-3 (Groundball, P, EV 91.9 MPH)
|
Top of the 8th over - 0 runs, 2 hits, 0 errors, 2 left on base; Charleston 3 - Clinton 1 |
BOTTOM OF THE 8TH |
Clinton LumberKings batting - Pitching for Charleston RiverDogs : RHP Colin Stone
|
Now in LF: Tony Saenz
|
|
Batting: LHB Brian Butler
|
0-0: Foul Ball, location: 2F 0-1: Called Strike 0-2: Ball 1-2: Ball 2-2: Ball 3-2: Foul Ball, location: 2F 3-2: Fly out, F5 (Popup, 56, EV 64.4 MPH)
|
Pinch Hitting: LHB William Warren
|
0-0: Ball 1-0: Foul Ball, location: 2F 1-1: Foul Ball, location: 2F 1-2: Ball 2-2: Ground out 4-3 (Groundball, 4, EV 78.8 MPH)
|
Batting: SHB Jose Castillo
|
0-0: Ball 1-0: Foul Ball, location: 2F 1-1: Ball 2-1: SINGLE (Groundball, 4MS, EV 66.9 MPH) (infield hit)
|
Batting: LHB Jason Hopkins
|
0-0: Ball 1-0: Foul Ball, location: 2F 1-1: Called Strike 1-2: Fly out, F7 (Flyball, 7LS, EV 88.1 MPH)
|
Bottom of the 8th over - 0 runs, 1 hit, 0 errors, 1 left on base; Charleston 3 - Clinton 1 |
TOP OF THE 9TH |
Charleston RiverDogs batting - Pitching for Clinton LumberKings : RHP Adam Fair
|
Pitching: LHP Justin Neikirk
|
|
Now at 2B: Victor Rijos
|
|
Batting: RHB Miguel Leal
|
0-0: Ball 1-0: Ball 2-0: Swinging Strike 2-1: Fly out, F9 (Line Drive, 89M, EV 89.4 MPH)
|
Batting: RHB Nick Massengale
|
0-0: Ball 1-0: Called Strike 1-1: Ball 2-1: SOLO HOME RUN (Flyball, 7LD, EV 96.9 MPH), Distance : 360 ft
|
Batting: RHB Chris Yancey
|
0-0: Called Strike 0-1: Foul Ball, location: 2F 0-2: Ball 1-2: Foul Ball, location: 2F 1-2: SINGLE (Flyball, 56D, EV 87.5 MPH)
|
Batting: LHB Tatsuo Yasui
|
0-0: Called Strike 0-1: Ball 1-1: Ball 2-1: Ball 3-1: Called Strike 3-2: SINGLE (Line Drive, 89S, EV 111.9 MPH) Chris Yancey to second
|
Batting: RHB James Boynton
|
0-0: Ball 1-0: Ball 2-0: Called Strike 2-1: Called Strike 2-2: Ball 3-2: Fielders Choice at 2nd, 3-6 (Groundball, 34S, EV 85.0 MPH) Chris Yancey to third
|
Batting: SHB Reagan Dudley
|
0-0: Ball 1-0: Ball 2-0: Ball 3-0: Called Strike 3-1: Base on Balls James Boynton to second
|
Batting: RHB Tony Saenz
|
0-0: Called Strike 0-1: Foul Ball, location: 2F 0-2: Ball 1-2: SINGLE (Groundball, 56D, EV 102.5 MPH) Chris Yancey scores James Boynton to third Reagan Dudley to second Runner from 3rd tries for Home, SAFE, throw by LF to home
|
Pitching: RHP Mike Bator
|
|
Batting: RHB Riley Nasiir
|
0-0: Called Strike 0-1: Ground out 5-3 (Groundball, 56S, EV 83.1 MPH)
|
Top of the 9th over - 3 runs, 4 hits, 0 errors, 2 left on base; Charleston 6 - Clinton 1 |
BOTTOM OF THE 9TH |
Clinton LumberKings batting - Pitching for Charleston RiverDogs : RHP Colin Stone
|
Batting: RHB Josh Ruhl
|
0-0: Ball 1-0: Ball 2-0: Called Strike 2-1: Swinging Strike 2-2: Ball 3-2: Base on Balls
|
Batting: RHB Joe Stading
|
0-0: Ball 1-0: Grounds into double play, 5-4-3 (Groundball, 56, EV 98.8 MPH)
|
Pinch Hitting: LHB Jawad Fahad
|
0-0: Ground out 4-3 (Groundball, 34, EV 108.8 MPH)
|
Bottom of the 9th over - 0 runs, 0 hits, 0 errors, 0 left on base; Charleston 6 - Clinton 1 |
|